 Dungeon Crawl Stone Soup version 0.17.2-1-ge4368a0 (webtiles) character file.

32 rlgrobin the Insei (level 3, -8/29 HPs)
             Began as a Mummy Monk on Apr 18, 2017.
             Killed by divine providence
             ... invoked by an orc priest
              (9 damage)
             ... on level 4 of the Dungeon.
             The game lasted 00:02:06 (1737 turns).

rlgrobin the Insei (Mummy Monk)                     Turns: 1737, Time: 00:02:07

Health: -8/29      AC:  0    Str: 14    XL:     3   Next: 10%
Magic:  3/3        EV: 13    Int:  9    God:
Gold:   88         SH:  0    Dex: 15    Spells: 0 memorised, 2 levels left

rFire  x . .     SeeInvis .       - Unarmed
rCold  + . .     Clarity  .     (no armour)
rNeg   + + +     SustAt   .     (no shield)
rPois  ∞         Gourm    .     (no helmet)
rElec  .         Spirit   .     (no cloak)
rCorr  .         Warding  .     (no gloves)
rMut   .         Stasis   .     (no boots)
MR     .....                    (no amulet)
Stlth  ++........               (no ring)
                                (no ring)

@: not resistant to hostile enchantments, unstealthy
A: no food or potions, fire vulnerability, cold resistance 1, negative energy
resistance 3, torment resistance, unbreathing
a: no special abilities


You were on level 4 of the Dungeon.
You were not hungry.

You visited 1 branch of the dungeon, and saw 4 of its levels.

You collected 88 gold pieces.


Innate Abilities, Weirdness & Mutations

You do not eat or drink.
Your flesh is vulnerable to fire.
You are immune to poison.
Your flesh is cold resistant.
You are immune to negative energy.
You are immune to unholy pain and torment.
You can survive without breathing.


   Skills:
 - Level 3.0 Fighting
 - Level 2.4 Dodging
 - Level 1.5 Stealth
 + Level 4.1 Unarmed Combat


You had 2 spell levels left.
You didn't know any spells.

Inventory:

Scrolls
 a - a scroll of fear {unknown}
 b - a scroll of identify {unknown}
 c - a scroll of enchant weapon {unknown}
 d - a scroll of fog {unknown}
 e - a scroll of immolation {unknown}

Dungeon Overview and Level Annotations

Branches:
Dungeon (4/15)             Temple (0/1) D:4

Altars:
Elyvilon
Gozag

.▒.▒▒▒▒ .._o.o.
▒.▒o..
▒..B.o▒▒+▒▒▒▒
▒▒▒....▒.....▒▒▒▒
......o▒........▒
.......▒.....▒▒
.#.#..MS....!▒
..###..▒......▒
..##...▒...<▒.▒
.......▒....▒ ▒
...▒▒▒.▒▒▒▒.▒ ..
▒. ▒.▒ . .. ▒.▒
.. ▒.▒ ▒.▒


You could see a worker ant (sleeping), 2 orc priests, an adder and 3 orcs.


Message History

* * * don't die
* * * The adder barely misses you!
You take 3 damage, and have 5/29 hp!
A gnoll comes into view! It is wielding a flail!
The gnoll shouts!!!
Found a scroll labeled SUEBAPN TA ZOE!
A gnoll comes into view! It is wielding a spear!
The adder bites you! * * * don't die
* * *
There is a stone staircase leading down here!
You take 2 damage, and have 4/29 hp!
The adder closely misses you!
You climb downwards!
Found a grey potion!
There is a stone staircase leading up here!
Unknown command!
You miss the adder! The adder barely misses you!
You miss the adder! The adder barely misses you!
You closely miss the adder! The adder misses you!
The adder bites you! * * * don't die
* * * You take 2 damage, and have 2/29 hp!
You closely miss the adder! The adder bites you! * * * don't die
* * * You take 1 damage, and have 1/29 hp!
The adder barely misses you!
Found a staircase to the Ecumenical Temple!
A worker ant, 3 orcs and 2 orc priests come into view!
The orc priest calls down the wrath of Beogh upon you!
Something smites you!!! rip

Action                   || total
-------------------------++-------
Melee: Unarmed           ||    99
 Stab: Sleeping          ||     5

Vault maps used:
D:1:      saegor_arrival_simple_d
D:2:      lemuel_round_altar, nicolae_overflow_crystal_walls,
          lemuel_statue_altar
D:3:      marbit_many_paths, uniq_natasha
D:4:      forest_paths, lemuel_crystal_altar, minmay_temple_entry_purple_smoke,
          first_bread, roderic_roman_lattice, uniq_eustachio, uniq_duvessa,
          uniq_blork_the_orc

Notes
Turn   | Place    | Note
--------------------------------------------------------------
     0 | D:1      | rlgrobin the Mummy Monk began the quest for the Orb.
     0 | D:1      | Reached XP level 1. HP: 18/18 MP: 1/1
   280 | D:1      | Reached XP level 2. HP: 22/24 MP: 2/2
   938 | D:1      | Reached skill level 4 in Unarmed Combat
  1440 | D:2      | Reached XP level 3. HP: 19/29 MP: 3/3
  1558 | D:2      | Found an opulent altar of Gozag.
  1732 | D:4      | HP: 2/29 [adder (2)]
  1735 | D:4      | Found a staircase to the Ecumenical Temple.
  1737 | D:4      | Found a white marble altar of Elyvilon.
  1737 | D:4      | Killed from afar by an orc priest

Vanquished Creatures
  An ooze (D:1)
  4 hobgoblins (D:1)
  2 quokkas (D:2)
  A bat (D:2)
  A giant gecko (D:1)
  7 goblins
  6 kobolds
  7 rats (D:1)
29 creatures vanquished.
